 Dungeon Crawl Stone Soup version 0.21.1-1-g345015f (webtiles) character file.

140 letownia2 the Charmwright (level 5, -1/43 HPs)
             Began as a Gnoll Skald on Feb 27, 2018.
             Slain by a gnoll
             ... wielding a +0 halberd
              (3 damage)
             ... on level 2 of the Dungeon.
             The game lasted 00:04:19 (533 turns).

letownia2 the Charmwright (Gnoll Skald)              Turns: 533, Time: 00:04:19

Health: -1/43      AC:  7    Str: 13    XL:     5   Next: 22%
Magic:  2/12       EV: 13    Int: 17    God:
Gold:   80         SH:  2    Dex: 14    Spells: 3/14 levels left

rFire    . . .     SeeInvis .   a - +0 spear
rCold    + . .     Gourm    .   (no shield)
rNeg     . . .     Faith    .   l - +2 ring mail {rC+}
rPois    .         Spirit   .   (no helmet)
rElec    .         Reflect  +   (no cloak)
rCorr    .         Harm     .   (no gloves)
MR       .....                  (no boots)
Stlth    +.........             b - +2 amulet of reflection
HPRegen  0.14/turn              (no ring)
MPRegen  0.13/turn              (no ring)

@: no status effects
A: distributed training, fangs 1, strong nose
a: no special abilities


You were on level 2 of the Dungeon.
You were not hungry.

You visited 1 branch of the dungeon, and saw 3 of its levels.

You collected 80 gold pieces.

Inventory:

Hand Weapons
 a - a +0 spear (weapon)
 j - a +0 quarterstaff
Missiles
 i - 5 tomahawks of returning (quivered)
Armour
 l - a +2 ring mail of cold resistance (worn)
Jewellery
 b - a +2 amulet of reflection (around neck)
Scrolls
 e - a scroll of enchant armour {unknown}
 f - 2 scrolls of teleportation {unknown}
 g - a scroll of enchant weapon {unknown}
 k - a scroll of remove curse {unknown}
 n - a scroll of identify {unknown}
 o - a scroll of random uselessness {unknown}
Potions
 h - a potion of brilliance {unknown}
 m - a potion of agility {unknown}
Books
 c - a book of Battle

   Spells                             Type                      Level
   a - Infusion                       Charms                       1
   b - Shroud of Golubria             Charms/Translocation         2
   c - Song of Slaying                Charms                       2
   d - Spectral Weapon                Hexes/Charms                 3
   e - Regeneration                   Charms/Necromancy            3
Comestibles
 d - 3 rations


   Skills:
 + Level 4.7 Fighting
 + Level 1.4 Short Blades
 + Level 1.4 Long Blades
 + Level 1.4 Axes
 + Level 1.4 Maces & Flails
 + Level 4.7 Polearms
 + Level 1.4 Staves
 + Level 1.4 Slings
 + Level 1.4 Bows
 + Level 1.4 Crossbows
 + Level 1.4 Throwing
 + Level 2.9 Armour
 + Level 4.7 Dodging
 + Level 1.4 Stealth
 + Level 1.4 Shields
 + Level 1.4 Unarmed Combat
 + Level 5.1 Spellcasting
 + Level 1.1 Conjurations
 + Level 1.1 Hexes
 + Level 5.5 Charms
 + Level 1.1 Summonings
 + Level 1.1 Necromancy
 + Level 1.1 Translocations
 + Level 1.1 Transmutations
 + Level 1.1 Fire Magic
 + Level 1.1 Ice Magic
 + Level 1.1 Air Magic
 + Level 1.1 Earth Magic
 + Level 1.1 Poison Magic
 + Level 1.5 Invocations
 + Level 1.4 Evocations


You had 3 spell levels left.
You knew the following spells:

 Your Spells              Type           Power        Failure   Level  Hunger
a - Infusion              Chrm           ###.         3%          1    None
g - Regeneration          Chrm/Necr      ###.......   22%         3    ###....
l - Song of Slaying       Chrm           ###.....     4%          2    #......
t - Shroud of Golubria    Chrm/Tloc      ###.......   11%         2    #......
x - Spectral Weapon       Hex/Chrm       ###.....     22%         3    ###....


Dungeon Overview and Level Annotations

Branches:
Dungeon (3/15)

Altars:


Innate Abilities, Weirdness & Mutations

Your experience applies equally to all skills.
You have very sharp teeth.
Your uncanny sense of smell can sniff out nearby items.


Message History

Unknown command.
You miss the adder. You bite the adder.
The adder is heavily wounded.
You block the adder's attack. You block the orc's attack.
The gnoll closely misses you.
Unknown command.
You hit the adder. Your bite misses the adder.
The adder is almost dead.
The adder bites you but does no damage. The orc hits you but does no damage.
Unknown command.
You hit the adder.
You kill the adder!
Your song has ended.
The gnoll hits you with a halberd!
* * * LOW HITPOINT WARNING * * *
The orc hits you but does no damage.
Unknown command.
Unknown command.
The gnoll hits you from afar with a halberd.
You die...

#..#####..#...... ##########
....#....##.##..# #........#
...(†.[####.##..# #........#
#..##..# #.#...## #........#
####...# #.#....#####........#
.......####.........##†.......#
...#.....†#......og.##.......)...
....#####........>†...........#..
.....# ###.....@..†.............
.....# #..(......##........#..
.....# #.........###########..
....## #.........# ...##
########### ####


You could see a gnoll and an orc.

Vanquished Creatures
  A scorpion (D:2)
  5 adders (D:2)
  A gnoll (D:2)
  An ooze (D:2)
  A worm (D:2)
  A dart slug (D:2)
  A leopard gecko (D:2)
  A ball python (D:2)
  3 bats
  A giant cockroach (D:2)
  5 goblins
  A hobgoblin (D:2)
  2 quokkas (D:2)
  3 frilled lizards (D:2)
  A kobold (D:2)
  6 rats
34 creatures vanquished.

Notes
Turn   | Place    | Note
-------+----------+-------------------------------------------
     0 | D:1      | letownia2 the Gnoll Skald began the quest for the Orb.
     0 | D:1      | Reached XP level 1. HP: 20/20 MP: 6/6
    31 | D:2      | Reached XP level 2. HP: 16/26 MP: 3/7
   119 | D:2      | Learned a level 2 spell: Shroud of Golubria
   122 | D:2      | Learned a level 2 spell: Song of Slaying
   162 | D:2      | Reached skill level 5 in Spellcasting
   162 | D:2      | Reached XP level 3. HP: 16/31 MP: 1/9
   218 | D:1      | Reached skill level 1 in Invocations
   294 | D:2      | Learned a level 3 spell: Regeneration
   298 | D:2      | Learned a level 3 spell: Spectral Weapon
   309 | D:2      | Reached skill level 1 in Short Blades
   309 | D:2      | Reached skill level 1 in Long Blades
   309 | D:2      | Reached skill level 1 in Axes
   309 | D:2      | Reached skill level 1 in Maces & Flails
   309 | D:2      | Reached skill level 1 in Staves
   309 | D:2      | Reached skill level 1 in Slings
   309 | D:2      | Reached skill level 1 in Bows
   309 | D:2      | Reached skill level 1 in Crossbows
   309 | D:2      | Reached skill level 1 in Throwing
   309 | D:2      | Reached skill level 1 in Stealth
   309 | D:2      | Reached skill level 1 in Shields
   309 | D:2      | Reached skill level 1 in Unarmed Combat
   309 | D:2      | Reached skill level 1 in Evocations
   351 | D:2      | Noticed a scorpion
   419 | D:2      | Reached XP level 4. HP: 38/38 MP: 2/11
   435 | D:2      | Reached skill level 1 in Conjurations
   435 | D:2      | Reached skill level 1 in Hexes
   435 | D:2      | Reached skill level 1 in Summonings
   435 | D:2      | Reached skill level 1 in Necromancy
   435 | D:2      | Reached skill level 1 in Translocations
   435 | D:2      | Reached skill level 1 in Transmutations
   435 | D:2      | Reached skill level 1 in Fire Magic
   435 | D:2      | Reached skill level 1 in Ice Magic
   435 | D:2      | Reached skill level 1 in Air Magic
   435 | D:2      | Reached skill level 1 in Earth Magic
   435 | D:2      | Reached skill level 1 in Poison Magic
   460 | D:2      | Reached XP level 5. HP: 28/43 MP: 2/12
   532 | D:2      | HP: 2/43 [gnoll/halberd (9)]
   533 | D:2      | Slain by a gnoll

Skill      XL: |  1  2  3  4 |
---------------+-------------+-----
Spellcasting   | 5 |  5.1
Invocations    | 1 |  1.5
Short Blades   | 1 |  1.4
Long Blades    | 1 |  1.4
Axes           | 1 |  1.4
Maces & Flails | 1 |  1.4
Staves         | 1 |  1.4
Slings         | 1 |  1.4
Bows           | 1 |  1.4
Crossbows      | 1 |  1.4
Throwing       | 1 |  1.4
Stealth        | 1 |  1.4
Shields        | 1 |  1.4
Unarmed Combat | 1 |  1.4
Evocations     | 1 |  1.4
Conjurations   | 1 |  1.1
Hexes          | 1 |  1.1
Summonings     | 1 |  1.1
Necromancy     | 1 |  1.1
Translocations | 1 |  1.1
Transmutations | 1 |  1.1
Fire Magic     | 1 |  1.1
Ice Magic      | 1 |  1.1
Air Magic      | 1 |  1.1
Earth Magic    | 1 |  1.1
Poison Magic   | 1 |  1.1
Fighting       | |  4.7
Polearms       | |  4.7
Armour         | |  2.9
Dodging        | |  4.7
Charms         | |  5.5

Action                   |  1- 3 |  4- 6 || total
-------------------------+-------+-------++-------
Melee: Spear             |    94 |    51 ||   145
       Bite              |     5 |     4 ||     9
 Cast: Infusion          |     2 |       ||     2
       Shroud of Golubri |     7 |     4 ||    11
       Song of Slaying   |     3 |     1 ||     4
       Spectral Weapon   |     1 |     1 ||     2
       Regeneration      |     1 |       ||     1
 Stab: Sleeping          |     1 |       ||     1
Armor: Leather armour    |    15 |       ||    15
       Ring mail         |     2 |    24 ||    26
Dodge: Dodged            |    68 |    44 ||   112
Block: Other             |       |     8 ||     8
       Reflection        |       |     1 ||     1
